 Dungeon Crawl Stone Soup version 0.28.0-53-g5a82cb258f (webtiles) character file.

Game seed: 3110995193626843706

2275 Zeld the Changer (level 9, 0/60 HPs)
             Began as an Octopode Transmuter on May 22, 2022.
             Slain by a kobold brigand
             ... wielding a +0 short sword
              (2 damage)
             ... on level 7 of the Dungeon.
             The game lasted 00:07:10 (11757 turns).

Zeld the Changer (Octopode Transmuter)             Turns: 11757, Time: 00:07:11

Health: 0/60       AC:  2    Str: 14    XL:     9   Next: 39%
Magic:  16/18      EV: 19    Int: 15    God:
Gold:   197        SH:  0    Dex: 17    Spells: 11/21 levels left

rFire   . . .      SeeInvis .     - Unarmed
rCold   . . .      Faith    .   (shield currently unavailable)
rNeg    . . .      Spirit   .   (helmet currently unavailable)
rPois   x          Reflect  .   (no amulet)
rElec   .          Harm     .   (no ring)
rCorr   .          Rampage  .   (no ring)
Will    .....                   (no ring)
Stlth   +++.......              (no ring)
HPRegen 0.20/turn               (no ring)
MPRegen 0.16/turn               (no ring)
                                (no ring)
                                (no ring)

@: lethally poisoned (0 -> -13), spider-form, slowed, very slow
A: venomous fangs, almost no armour, (amphibious), 8 rings, tiny, (camouflage
1), (gelatinous body 1), (nimble swimmer 1), (tentacles)
a: End Transformation


You were on level 7 of the Dungeon.
You were a venomous arachnid creature.
You visited 2 branches of the dungeon, and saw 8 of its levels.
You also visited: Sewer.

You collected 197 gold pieces.

Inventory:

Hand Weapons
 k - the +2 dagger "Esmo" (melded) {drain, rPois}
   (You found it on level 5 of the Dungeon)

   A truly terrible weapon, it drains the life of any living foe it strikes.
   rPois:     It protects you from poison.
Wands
 t - a wand of acid (10)
Scrolls
 a - 5 scrolls of identify {unknown}
 e - a scroll of enchant weapon {unknown}
 g - a scroll of silence {unknown}
 i - a scroll of holy word {unknown}
 j - 2 scrolls of summoning {unknown}
 o - 3 scrolls of teleportation {unknown}
 r - a scroll of fog {unknown}
 s - a scroll of magic mapping {unknown}
Potions
 b - 4 potions of mutation {unknown}
 c - 2 potions of degeneration {unknown}
 d - 5 potions of heal wounds {unknown}
 f - a potion of magic {unknown}
 h - 2 potions of haste {unknown}
 l - a potion of invisibility {unknown}
 m - a potion of resistance {unknown}
 n - a potion of ambrosia {unknown}
 p - a potion of might {unknown}
 q - 3 potions of curing {unknown}


   Skills:
 + Level 4.8 Fighting
 - Level 2.0 Dodging
 + Level 6.5 Stealth
 - Level 3.0 Unarmed Combat
 * Level 6.5 Spellcasting
 * Level 7.1 Transmutations
 - Level 2.0 Ice Magic
 - Level 2.0 Poison Magic


You had 11 spell levels left.
You knew the following spells:

 Your Spells              Type           Power      Damage    Failure   Level
a - Beastly Appendage     Tmut           52%        N/A       4%          1
b - Wereblood             Tmut           26%        N/A       5%          2
c - Spider Form           Tmut/Pois      18%        N/A       17%         3
d - Ice Form              Ice/Tmut       18%        N/A       43%         4

Your spell library contained the following spells:

 Spells                   Type           Power      Damage    Failure   Level
 Slow                     Hex            16%        N/A       32%         1
 Sublimation of Blood     Necr           4%         N/A       43%         2
 Confusing Touch          Hex            4%         N/A       61%         3
 Vampiric Draining        Necr           4%         2d6       61%         3
 Animate Dead             Necr           2%         N/A       92%         4
 Borgnjor's Vile Clutch   Necr/Erth      2%         N/A       99%         5
 Death Channel            Necr           2%         N/A       100%        6
 Summon Hydra             Summ           2%         N/A       100%        7


Dungeon Overview and Level Annotations

Branches:
Dungeon (7/15)             Temple (1/1) D:5           Sewer (visited)

Altars:
Ashenzari
Cheibriados
Elyvilon
Fedhas
Gozag
Kikubaaqudgha
Makhleb
Nemelex Xobeh
Okawaru
Ru
Sif Muna
Trog
Uskayaw
Vehumet
Wu Jian
Xom
Yredelemnul
The Shining One


Innate Abilities, Weirdness & Mutations

You are a venomous arachnid creature.
You have poisonous fangs.
You are tiny and dextrous.
Your spellcasting is less reliable in this form.
Your armour is entirely melded.
You are incapable of wielding weapons or throwing items.
You cannot wear most types of armour.
((You are amphibious.))
You can wear up to eight rings at the same time.
((Your skin changes colour to match your surroundings (Stealth+).))
((Your rubbery body absorbs attacks. (AC +1, EV +1)))
((You are camouflaged when in or above water. (Stealth+)))
((You have tentacles for arms and can constrict up to eight enemies at once.))


Message History

The black bear is poisoned.
The black bear misses you. The black bear claws you.
The black bear barely misses you.
You hit the black bear.
The black bear looks as sick as possible!
The black bear is moderately wounded.
The black bear closely misses you. The black bear claws you. x2
You hit the black bear.
The black bear looks as sick as possible!
The black bear is heavily wounded.
The black bear bites you.
The black bear completely misses you. x2
You hit the black bear.
The black bear looks as sick as possible!
The black bear is heavily wounded.
The black bear bites you. The black bear misses you.
The black bear completely misses you.
You are too injured to fight recklessly!
You hit the black bear.
The black bear looks as sick as possible!
The black bear is severely wounded.
The black bear completely misses you. The black bear closely misses you.
The black bear barely misses you.
You are too injured to fight recklessly!
You hit the black bear.
You kill the black bear!
The kobold brigand throws a curare-tipped dart.
The curare-tipped dart hits you.
You are poisoned.
You have difficulty breathing.
You feel yourself slow down.
* * * LOW HITPOINT WARNING * * *
You feel extremely sick. The kobold brigand closely misses you.
You are too injured to fight recklessly!
You hit the kobold brigand but do no damage.
The kobold brigand is moderately wounded.
* * * LOW HITPOINT WARNING * * *
You feel very sick.
The kobold brigand hits you with a +0 short sword.
* * * LOW HITPOINT WARNING * * *
The kobold brigand hits you with a +0 short sword.
You die...

## .# .# .# .# #
.# ##.#######.#
#....KKKs..#
.##..#.##########
.........K?)......
........K###.##.##
####...... #
##.##..# #. ##.#
#. .? .. #.#


You could see a kobold brigand and 2 kobolds.

Vanquished Creatures
  Pikel (D:4)
  A hornet zombie (D:6)
  3 black bears
  2 ogres
  4 lemures (D:4)
  2 kobold brigands (Sewer)
  A bullfrog (D:6)
  3 scorpions
  A wyvern skeleton (D:6)
  A water moccasin skeleton (D:6)
  A bullfrog zombie (D:5)
  2 centaur zombies (D:6)
  2 jellies (D:6)
  4 hounds
  4 orc priests
  A bullfrog skeleton (D:4)
  Crazy Yiuf (D:3)
  An iguana (D:6)
  2 orc wizards
  A killer bee zombie (D:6)
  7 adders
  7 gnolls
  A shadow imp (D:6)
  A white imp (D:6)
  An ufetubus (D:4)
  3 dart slugs
  8 orcs
  7 endoplasms
  2 giant cockroaches (D:1)
  7 goblins
  3 hobgoblins
  3 quokkas
  8 ball pythons
  3 bats
  2 frilled lizards
  13 kobolds
  7 rats
121 creatures vanquished.

Notes
Turn   | Place    | Note
-------+----------+-------------------------------------------
     0 | D:1      | Zeld the Octopode Transmuter began the quest for the Orb.
     0 | D:1      | Reached XP level 1. HP: 13/13 MP: 3/3
   338 | D:1      | Reached XP level 2. HP: 18/18 MP: 3/5
   341 | D:1      | Learned a level 2 spell: Wereblood
  1323 | D:2      | Reached skill level 1 in Stealth
  1323 | D:2      | Reached XP level 3. HP: 22/23 MP: 4/6
  1327 | D:2      | Learned a level 3 spell: Spider Form
  1388 | D:2      | Reached skill level 1 in Poison Magic
  1596 | D:2      | Reached XP level 4. HP: 23/28 MP: 5/7
  1847 | D:2      | Reached skill level 1 in Ice Magic
  1860 | D:2      | Reached skill level 3 in Transmutations
  2603 | D:3      | Reached XP level 5. HP: 28/34 MP: 5/9
  2704 | D:3      | Found a runed translucent door.
  2705 | D:3      | Noticed Crazy Yiuf
  3258 | D:3      | Killed Crazy Yiuf
  3791 | D:4      | Learned a level 4 spell: Ice Form
  3901 | D:4      | Noticed a lemure
  3922 | D:4      | Killed a lemure
  4218 | D:4      | Noticed a lemure
  4235 | D:4      | Noticed Pikel
  4236 | D:4      | Noticed a lemure
  4239 | D:4      | Noticed a lemure
  4255 | D:5      | Entered Level 5 of the Dungeon
  4275 | D:5      | Found a sparkling altar of Nemelex Xobeh.
  4468 | D:5      | Reached XP level 6. HP: 30/39 MP: 7/11
  4629 | D:5      | Reached skill level 4 in Transmutations
  4684 | D:5      | Noticed a black bear
  4697 | D:5      | Killed a black bear
  4698 | D:5      | Reached XP level 7. HP: 15/45 MP: 8/13
  4827 | D:5      | Identified the +2 dagger "Esmo" {drain, rPois}
  4935 | D:5      | Found a glowing drain.
  4947 | Sewer    | Entered a sewer
  5605 | D:4      | Found an ornate altar of the Wu Jian Council.
  5650 | D:4      | Found a shimmering altar of Xom.
  6101 | D:4      | Found an ancient bone altar of Kikubaaqudgha.
  7053 | D:4      | Killed Pikel
  7054 | D:4      | Reached skill level 5 in Stealth
  7054 | D:4      | Reached skill level 5 in Spellcasting
  7054 | D:4      | Reached skill level 5 in Transmutations
  7054 | D:4      | Reached XP level 8. HP: 20/54 MP: 10/16
  7332 | D:4      | Found an ancient bone altar of Kikubaaqudgha.
  7384 | D:4      | Found a shimmering altar of Xom.
  8026 | D:5      | Found a staircase to the Ecumenical Temple.
  8032 | Temple   | Entered the Ecumenical Temple
  8398 | D:6      | Reached skill level 6 in Transmutations
  9053 | D:6      | Found an opulent altar of Gozag.
 10179 | D:6      | Reached XP level 9. HP: 25/59 MP: 15/17
 11145 | D:6      | Reached skill level 7 in Transmutations
 11757 | D:7      | HP: 2/60 [kobold brigand/+0 short sword (6)]
 11757 | D:7      | Slain by a kobold brigand

Illustrated notes

Levels and vault maps discovered:
D:1:      scummos_arrival_gate, layout_loops_ring
D:2:      layout_loops_ring, minmay_misc_feat_x
D:3:      layout_basic, nrook_mini_vaults, uniq_crazy_yiuf_cottage
D:4:      layout_gridville, mainiacjoe_overflow_boulevard,
          mainiacjoe_overflow_paths, mainiacjoe_overflow_small_starburst,
          uniq_pikel
D:5:      layout_rooms, mainiacjoe_overflow_tiny_flanked,
          minmay_temple_entry_hall, portal_sewer_entry_d
D:6:      layout_basic, nicolae_gozag_seed_capital
D:7:      layout_basic
Temple:   dshaligram_water_room_temple

Skill      XL: |  1  2  3  4  5  6  7  8  9 |
---------------+----------------------------+-----
Stealth        | 1 2 3 5 6 |  6.5
Poison Magic   | 1 2 |  2.0
Ice Magic      | 1 2 |  2.0
Transmutations | 3 4 5 6 7 |  7.1
Spellcasting   | 3 4 5 6 |  6.5
Fighting       | 2 3 4 |  4.8
Dodging        | |  2.0
Unarmed Combat | |  3.0

Action                   |  1- 3 |  4- 6 |  7- 9 || total
-------------------------+-------+-------+-------++-------
Melee: Unarmed           |    60 |    98 |   148 ||   306
       Kick              |    14 |    12 |    14 ||    40
       Tentacles         |    11 |     7 |    14 ||    32
       Constrict         |    15 |    12 |    15 ||    42
       Punch             |       |     2 |       ||     2
       Dagger            |       |       |    69 ||    69
 Cast: Beastly Appendage |    23 |    17 |    14 ||    54
       Spider Form       |     1 |    11 |    15 ||    27
       Ice Form          |       |       |     5 ||     5
 Stab: Sleeping          |     6 |     7 |     9 ||    22
       Distracted        |       |       |     1 ||     1
Armor: Skin              |     4 |     8 |    36 ||    48
Dodge: Dodged            |    36 |    62 |   196 ||   294
